Unix NetHack Version 5.0.0-0 post-release - last build May 31 2026 23:59:36 (970b52f25bf058293b47ddfd14a1e40e571c508c,branch:main).

Game began 2026-06-08 21:26:18, ended 2026-06-08 22:10:55.

ARFwashere, neutral male human Tourist

                                                                  -------
                        --------------------------------          |.....|
                        |..............................|#        #.....<|
                        |.------|--------------  -----.|#        #---.---
                        |.|....|..|...|              |.|#        #
                        |%|....|..| ..|              |.|#       ##
                        |.---+----| ..|              |.|#      ##
                        |.........|  .|              |.|#      #
                        |.----..(.---+- |            |.|#   ####
                        |.|..|.......{..- --         |.|#####            |
                        |.|..-.............-         |.|#####        ....|
                        |.|-----|-[----|-- ...       |.| #               |
                        |.|  |..@|.+    .   ---------|.| [
                        |.|  |(/.|.|    *|    |{.|...|.|##
                        |.|  |((.|.----  |    |..|...-.|#
                        |.--+-----..{.---------|------.|#
                        |........................).....-#
                        --------------------------------

ARFwashere the Excursionist  St:10 Dx:12 Co:18 In:10 Wi:8 Ch:18  Neutral
Dlvl:7  $:0  HP:0(72) Pw:25(25) AC:2  Xp:7 T:3111  Satiated Blind Lev

Latest messages:
 A spear misses you.
 You miss the watchman.
 The watchman thrusts his spear.
 The watchman hits!
 The watchman wields a dagger!
 What do you want to zap? [ouzUV or ?*] ?
 Nothing happens.
 The watchman throws a spear!
 The spear misses the watchman.
 The spear hits the watchman.
 What do you want to zap? [ouzUV or ?*] ?
 In what direction? u
 You hit the watchman.
 The watchman throws a knife!
 The knife misses the watchman.
 A knife misses you.
 The watchman thrusts his spear.
 The watchman hits!
 You miss the watchman.
 The watchman thrusts his spear.
 The watchman hits!
 You hit the watchman.
 You miss the watchman.
 You hit the watchman.
 The watchman thrusts his spear.
 The watchman hits!
 What do you want to drink? [mnpqsQR or ?*] s
 You start to float in the air!
 Your movements are now unencumbered.
 What do you want to drink? [mnpqQR or ?*] ?
 A cloud of darkness falls upon you.
 It hits!
 You hit it.
 You miss it.
 It hits!
 You kill it!
 You murderer!
 In what direction? k
 You float in the opposite direction.
 You find someone by bumping into him.
 It gets angry!
 You hear a nearby zap.
 The wand misses you.
 You hear a nearby zap.
 The wand hits you!
 You die...
 Izchak takes all your possessions.
 Do you want to see what you had when you died? [ynq] (y) y
 Do you want to see your attributes? [ynq] (y) y
 Do you want an account of creatures vanquished? [ynaq] (y) q

Inventory:
 Weapons  (')')
  a - 18 +2 darts (at the ready)
  D - a +0 dagger
  v - a +0 aklys
  X - a +0 dwarvish short sword (weapon in left hand)
 Armor    ('[')
  E - a blessed +0 pair of gauntlets of dexterity (being worn)
  L - an uncursed +2 pair of jumping boots
  K - an uncursed greased +0 pair of speed boots (being worn)
  B - an uncursed +0 cloak of displacement (being worn)
  i - an uncursed +0 Hawaiian shirt with a water nymph motif (being worn)
  l - an uncursed +0 elven mithril-coat (being worn)
  M - a blessed +2 leather jacket
 Comestibles  ('%')
  b - 7 uncursed food rations
  c - an uncursed pancake
  d - 4 uncursed tripe rations
 Scrolls  ('?')
  x - an uncursed scroll of confuse monster
  A - a cursed scroll of enchant weapon
  h - 4 uncursed scrolls of magic mapping
 Spellbooks  ('+')
  w - a blessed spellbook of haste self
 Potions  ('!')
  m - an uncursed potion of confusion
  n - an uncursed potion of healing
  R - a cursed potion of healing
  q - an uncursed potion of monster detection
  p - an uncursed potion of speed
 Rings    ('=')
  P - an uncursed +1 ring of gain constitution
  y - a blessed +1 ring of increase damage
 Wands    ('/')
  z - a wand of digging (0:5)
  u - a wand of light (0:9)
  o - a wand of magic missile (0:0)
  U - a wand of magic missile (0:0)
  V - a wand of opening (0:5)
 Tools    ('(')
  f - a can of grease (0:19)
  j - an expensive camera (0:94)
  Z - an uncursed lock pick
  C - an uncursed magic lamp
 Gems/Stones  ('*')
  t - an uncursed worthless piece of violet glass
  r - an uncursed worthless piece of yellowish brown glass

ARFwashere the Tourist's attributes:

Background:
 You were an Excursionist, a level 7 male human Tourist.
 You were neutral, on a mission for The Lady
 who was opposed by Blind Io (lawful) and Offler (chaotic).
 You were left-handed.
 You were in the Gnomish Mines, on level 7.
 You entered the dungeon 3111 turns ago.
 It was nighttime.
 You had 702 experience points, 578 more were needed to attain level 8.

Basics:
 You had 0 out of 72 hit points.
 You had all 25 energy points (spell power).
 Your armor class was 2.
 Your wallet was empty.
 Autopickup was on for '$' plus thrown.

Final Characteristics:
 Your strength was 10 (limit:18/100).
 Your dexterity was 12 (limit:18).
 Your constitution was 18 (limit:18).
 Your intelligence was 10 (limit:18).
 Your wisdom was 8 (limit:18).
 Your charisma was 18 (limit:18).

Final Status:
 You were levitating.
 You were temporarily blind.
 You were satiated.
 You were unencumbered.
 You were wielding a short sword.
 You had basic skill with short sword.

Final Attributes:
 You had transgressed.
 You were displaced.
 You were guarded.
 Your spell casting was impaired by metallic armor.
 You were very fast.
 You were unlucky.
 You are dead.

Miscellaneous:
 You didn't encounter any bones levels.
 Total elapsed playing time was 44 minutes and 13 seconds.

Major events:
 Turn
    1: ARFwashere the neutral male human Tourist entered the dungeon
  990: attained the rank of Sightseer (level 3)
 1620: entered the Gnomish Mines
 2627: attained the rank of Excursionist (level 6)
 2674: reached Mine Town
 3111: killed by a wand, while moving through the air

Spells:
 Name                 Level Category     Fail Retention
 haste self             3   escape       100%  76%-100%

Skills:
 Fighting Skills
   bare handed combat [Unskilled]
   two weapon combat  [Unskilled]
   riding             [Unskilled]
 Weapon Skills
   dagger             [Unskilled]
   knife              [Unskilled]
   axe                [Unskilled]
   pick-axe           [Unskilled]
   short sword        [Basic]
   broadsword         [Unskilled]
   long sword         [Unskilled]
   two-handed sword   [Unskilled]
   saber              [Unskilled]
   mace               [Unskilled]
   morning star       [Unskilled]
   flail              [Unskilled]
   hammer             [Unskilled]
   quarterstaff       [Unskilled]
   polearms           [Unskilled]
   spear              [Unskilled]
   trident            [Unskilled]
   lance              [Unskilled]
   bow                [Unskilled]
   sling              [Unskilled]
   crossbow           [Unskilled]
   dart               [Basic]
   shuriken           [Unskilled]
   boomerang          [Unskilled]
   whip               [Unskilled]
   unicorn horn       [Unskilled]
 Spellcasting Skills
   divination spells  [Unskilled]
   enchantment spells [Unskilled]
   escape spells      [Unskilled]

Voluntary challenges:
 Character rerolling was not enabled.
 You never genocided any monsters.
 You never polymorphed an object.
 You never changed form.
 You used no wishes.
Achievements:
 You entered a shop.
 You attained the rank of Sightseer.
 You entered the Gnomish Mines.
 You attained the rank of Excursionist.
 You entered Minetown.

 The Dungeons of Doom: levels 1 to 3
    Level 1:
       A fountain.
    Level 2:
       An altar, a fountain.
    Level 3:
       An armor shop, a grave.
       Stairs down to The Gnomish Mines.
 The Gnomish Mines: levels 4 to 7
    Level 4:
    Level 5:
    Level 6:
    Level 7: <- You were here.
       A lighting shop, some fountains, a sink.
       Final resting place for
          you, killed by a wand, while moving through the air.
 The Tutorial:
    Level 1:


Vanquished creatures:
  2 watchmen
  a lizard
  a jaguar
  a dwarf leader
  a mountain nymph
  a fog cloud
  5 gnome leaders
  3 gnomish wizards
  6 dwarves
  5 hill orcs
  a rothe
  4 monkeys
 an orc zombie
 an iguana
  a hobbit
  a giant rat
  a yellow mold
 25 gnomes
  a gecko
  2 jackals
  2 kobolds
  a goblin
  a sewer rat
  a bat
  a lichen
  a kobold zombie
  8 newts
79 creatures vanquished.

No species were genocided or became extinct.

Game over:
                       ----------
                      /          \
                     /    REST    \
                    /      IN      \
                   /     PEACE      \
                  /                  \
                  |    ARFwashere    |
                  |       0 Au       |
                  | killed by a wand |
                  |                  |
                  |                  |
                  |                  |
                  |       2026       |
                 *|     *  *  *      | *
        _________)/\\_//(\/(/\)/\//\/|_)_______

Aloha ARFwashere the Tourist...

You died in The Gnomish Mines on dungeon level 7 with 3158 points,
and 0 pieces of gold, after 3111 moves.
You were level 7 with a maximum of 72 hit points when you died.

